 Dungeon Crawl Stone Soup version 0.19-a0-867-g949743d (webtiles) character file.

2478 matakusis the Nimble (level 9, -6/108 HPs)
             Began as a Demonspawn Gladiator on July 3, 2016.
             Killed by divine providence
             ... invoked by an orc priest
              (15 damage)
             ... on level 6 of the Dungeon.
             The game lasted 00:18:36 (4616 turns).

matakusis the Nimble (Demonspawn Gladiator)         Turns: 4616, Time: 00:18:36

Health: -6/108     AC: 29    Str: 16    XL:     9   Next: 27%
Magic:  9/9        EV:  2    Int:  9    God:
Gold:   355        SH:  0    Dex: 19    Spells: 0 memorised, 8 levels left

rFire  . . .     SeeInvis .     a - +1 long sword
rCold  . . .     Gourm    .     (armour currently unavailable)
rNeg   + + +     Faith    .     (no shield)
rPois  +         Spirit   .     (helmet currently unavailable)
rElec  .         Dismiss  .     (cloak currently unavailable)
rCorr  .         Reflect  .     (gloves currently unavailable)
SustAt .         Harm     .     (boots unavailable)
MR     .....     NoTele   +     (no amulet)
Stlth  ++........               p - +2 ring of dexterity
                                h - +5 ring of protection

@: tree-form, not resistant to hostile enchantments, unstealthy
A: (hooves 0), (thin metallic scales 0)
a: no special abilities


You were on level 6 of the Dungeon.
You were not hungry.
You were a tree.
You visited 1 branch of the dungeon, and saw 6 of its levels.
You also visited: Ossuary.

You collected 355 gold pieces.

Inventory:

Hand Weapons
 a - a +1 long sword (weapon)
Armour
 c - a +0 helmet (melded)
 i - a +0 leather armour of magic resistance (melded)
 y - the +1 leather armour "Appaq" {rF- rC- Dex+8}
   (You found it on level 4 of the Dungeon)

   It affects your dexterity (+8).
   It makes you vulnerable to fire.
   It makes you vulnerable to cold.
 C - a +0 cloak (melded)
Jewellery
 h - a +5 ring of protection (left branch)
 p - a +2 ring of dexterity (right branch)
 q - an uncursed ring of ice
Wands
 e - a wand of heal wounds (4/9)
Scrolls
 m - 4 scrolls of remove curse
 n - 5 scrolls of identify
 s - a scroll of magic mapping
 t - 3 scrolls of fog
 A - a scroll of enchant weapon
 B - a scroll of blinking
Potions
 b - 2 potions of haste
 j - a potion of cancellation
 k - 2 potions of invisibility
 l - a potion of lignification
 v - 2 potions of ambrosia
 w - 6 potions of curing
Comestibles
 d - 2 chunks of flesh
 f - 7 bread rations
 g - 3 meat rations
 r - 3 fruits
 u - a royal jelly
 x - 3 beef jerkies
 z - 2 slices of pizza


   Skills:
 * Level 7.2 Fighting
 + Level 6.2 Long Blades
 - Level 1.7 Throwing
 * Level 8.3 Dodging


You had 8 spell levels left.
You didn't know any spells.

Dungeon Overview and Level Annotations

Branches:
Dungeon (6/15)
 Temple: D:4-7

Altars:
Uskayaw
Xom


Innate Abilities, Weirdness & Mutations

((You have hooves in place of feet.))
((You are mostly covered in thin metallic scales. (AC +3)))


Message History

You kill the orc warrior!
The orc hits you but does no damage.
The orc priest hits you but does no damage.
Unknown command.
You closely miss the orc.
The orc is almost dead.
The orc hits you but does no damage.
The orc priest mumbles some strange prayers to Beogh against you.
Beogh smites you!
The orc priest invokes the aid of Beogh against you.
Beogh smites you!
* * * LOW HITPOINT WARNING * * *
You slash the orc!
You kill the orc!
The orc priest calls down the wrath of Beogh upon you.
Beogh smites you!
* * * LOW HITPOINT WARNING * * *
The orc priest calls down the wrath of Beogh upon you.
Beogh smites you!
You die...

### ..# #
#r#.# ..
####o#.
..##....o ##
#.##.##o##.#
.#.
.....##♣##.#
...<
#...)oro#
.....
#.##.####
.....###.##.#
............#
#.......####
##......#
##.####.#
....##.#


You could see 2 orc priests, an orc and a quokka.

Vanquished Creatures
  Pikel (D:6)
  Sigmund (D:5)
  Eustachio (D:4)
  Duvessa (D:6)
  An orc warrior (D:6)
  A slave (D:6)
  An ogre (D:4)
  3 phantoms (D:4)
  The ghost of matakusis the Ducker, an amateur DsGl (D:4)
  2 centaurs (D:5)
  Blork the orc (D:6)
  A gnoll sergeant (D:5)
  Dowan (D:6)
  A howler monkey (D:4)
  A crimson imp (D:5)
  2 centaur zombies (Ossuary)
  A jelly (D:5)
  Crazy Yiuf (D:4)
  An orc wizard (D:5)
  4 human zombies (Ossuary)
  2 iguanas (D:5)
  2 worker ants
  A big kobold zombie (Ossuary)
  2 hound zombies (Ossuary)
  A hound skeleton (D:5)
  4 mummies
  4 gnolls (D:5)
  8 adders
  2 shadow imps
  4 adder zombies (Ossuary)
  3 worms
  A giant gecko (D:2)
  8 orcs
  6 bats
  3 giant cockroaches
  3 gnoll zombies (Ossuary)
  10 goblins
  8 hobgoblins
  12 kobolds
  5 quokkas
  2 ball pythons (D:3)
  2 giant newts (D:3)
  3 goblin zombies
  3 hobgoblin zombies (Ossuary)
  5 jackal zombies (Ossuary)
  3 kobold zombies (Ossuary)
  3 quokka zombies (Ossuary)
  3 rats
  6 rat zombies (Ossuary)
146 creatures vanquished.

Vanquished Creatures (others)
  A jelly (D:6)
1 creature vanquished.

Grand Total: 147 creatures vanquished

Notes
Turn   | Place    | Note
-------+----------+-------------------------------------------
     0 | D:1      | matakusis the Demonspawn Gladiator began the quest for the Orb.
     0 | D:1      | Reached XP level 1. HP: 16/16 MP: 1/1
    89 | D:1      | Reached skill level 3 in Dodging
   120 | D:1      | Gained mutation: You are partially covered in thin metallic scales. (AC +2) [demonic ancestry]
   120 | D:1      | Reached XP level 2. HP: 20/22 MP: 2/2
   651 | D:2      | Gained mutation: You have large cloven feet. [demonic ancestry]
   651 | D:2      | Reached XP level 3. HP: 21/27 MP: 3/3
   956 | D:2      | Found a shimmering altar of Xom.
  1084 | D:3      | Gained mutation: You have hoof-like feet. [demonic ancestry]
  1084 | D:3      | Reached XP level 4. HP: 33/33 MP: 4/4
  1130 | D:3      | Reached skill level 4 in Dodging
  1345 | D:3      | Noticed a dagger
  1345 | D:3      | Found a hide-covered altar of Uskayaw.
  1345 | D:3      | Noticed a hand axe
  1754 | D:4      | Noticed Eustachio
  1770 | D:4      | Killed Eustachio
  1770 | D:4      | Gained mutation: You are mostly covered in thin metallic scales. (AC +3) [demonic ancestry]
  1770 | D:4      | Reached XP level 5. HP: 41/41 MP: 5/5
  1797 | D:4      | Found a sand-covered staircase.
  1887 | Ossuary  | Entered an ossuary
  1910 | Ossuary  | Reached skill level 5 in Dodging
  1910 | Ossuary  | Reached XP level 6. HP: 44/47 MP: 6/6
  2242 | Ossuary  | Reached XP level 7. HP: 47/54 MP: 7/7
  2400 | D:4      | Noticed matakusis's ghost (amateur DsGl)
  2427 | D:4      | Killed matakusis's ghost
  2427 | D:4      | Reached skill level 6 in Dodging
  2675 | D:4      | Reached skill level 5 in Fighting
  2885 | D:4      | Reached skill level 5 in Long Blades
  2885 | D:4      | Reached XP level 8. HP: 62/62 MP: 8/8
  2936 | D:4      | Got a bloodstained leather armour
  2947 | D:4      | Identified the +1 leather armour "Appaq" {rF- rC- Dex+8} (You found it on level 4 of the Dungeon)
  2978 | D:4      | Found a runed door.
  3024 | D:4      | Noticed Crazy Yiuf
  3031 | D:4      | Paralysed by Crazy Yiuf for 6 turns
  3039 | D:4      | Killed Crazy Yiuf
  3425 | D:5      | Entered Level 5 of the Dungeon
  3598 | D:5      | Reached skill level 7 in Dodging
  4091 | D:5      | Noticed Sigmund
  4107 | D:5      | Killed Sigmund
  4376 | D:6      | Noticed Blork the orc
  4385 | D:6      | Killed Blork the orc
  4501 | D:6      | Noticed Duvessa
  4501 | D:6      | Noticed Pikel
  4502 | D:6      | Noticed Dowan
  4520 | D:6      | Killed Pikel
  4520 | D:6      | Reached skill level 8 in Dodging
  4520 | D:6      | Gained mutation: You have hooves in place of feet. [demonic ancestry]
  4520 | D:6      | Reached XP level 9. HP: 72/72 MP: 9/9
  4523 | D:6      | Killed Duvessa
  4525 | D:6      | Killed Dowan
  4616 | D:6      | Killed from afar by an orc priest

Vault maps used:
D:1:      saegor_arrival_simple_f
D:2:      marbit_many_paths, tgw_trog, first_bread,
          hangedman_abyss_or_decor_stabs
D:3:      dancing_weapons_uskayaw
D:4:      nicolae_ossuary_entry_giza, minmay_curled_crystal,
          kennysheep_small_square, uniq_eustachio, uniq_crazy_yiuf_cottage
D:5:      corexii_shack_village, kennysheep_generic_room_12, uniq_sigmund
D:6:      gammafunk_temple_overflow_wave, grunt_nemelex_the_gamble,
          uniq_blork_the_orc, uniq_duvessa, uniq_pikel
Ossuary:  minmay_ossuary_two_tombs

Skill      XL: |  1  2  3  4  5  6  7  8 |
---------------+-------------------------+-----
Dodging        | 3 4 5 6 8 |  8.3
Long Blades    | 3 4 5 6 |  6.2
Fighting       | 3 4 5 7 |  7.2
Throwing       | |  1.7

Action                   |  1- 3 |  4- 6 |  7- 9 || total
-------------------------+-------+-------+-------++-------
Melee: Long sword        |   152 |   226 |   356 ||   734
       Kick              |    13 |    80 |   113 ||   206
Throw: Throwing net      |       |       |     3 ||     3
  Use: Scroll            |       |    15 |     5 ||    20
       Potion            |       |     3 |     4 ||     7
 Stab: Held in net/web   |       |       |     1 ||     1
  Eat: Chunk             |     1 |     2 |     6 ||     9
       Meat ration       |       |     1 |       ||     1
Armor: Leather armour    |    45 |    69 |    80 ||   194
       Skin              |       |       |    11 ||    11
Dodge: Dodged            |    99 |   138 |   183 ||   420
